| TOP OF THE 1ST |
|
Madison Brewers batting - Pitching for Oakland Oaks : RHP Paul Olson
|
|
Pitching: RHP Paul Olson
|
|
|
Batting: RHB Malcolm McCauley
|
0-0: Called Strike 0-1: Swinging Strike 0-2: Fly out, F7 (Line Drive, 7S, EV 107.5 MPH)
|
|
Batting: LHB Jesus Huante
|
0-0: Ball 1-0: Swinging Strike 1-1: Called Strike 1-2: Ball 2-2: Foul Ball, location: 2F 2-2: Strikes out swinging
|
|
Batting: RHB Mario Lopez
|
0-0: Ball 1-0: Reached via error on a dropped throw from 3B, E3 (Groundball, 5S, EV 84.4 MPH)
|
|
Batting: SHB Justin Hensley
|
0-0: Called Strike 0-1: Foul Ball, location: 2F 0-2: 2-RUN HOME RUN (Flyball, 9D, EV 101.2 MPH), Distance : 406 ft
|
|
Batting: LHB Dusty Bryant
|
0-0: Foul Ball, location: 2F 0-1: Swinging Strike 0-2: Ball 1-2: Ball 2-2: Strikes out swinging
|
| Top of the 1st over - 2 runs, 1 hit, 1 error, 0 left on base; Madison 2 - Oakland 0 |
| BOTTOM OF THE 1ST |
|
Oakland Oaks batting - Pitching for Madison Brewers : RHP Pedro Campos
|
|
Pitching: RHP Pedro Campos
|
|
|
Batting: RHB Chris Bohm
|
0-0: Called Strike 0-1: Ball 1-1: Foul Ball, location: 2F 1-2: Ball 2-2: Foul Ball, location: 2F 2-2: Ball 3-2: Strikes out swinging
|
|
Batting: RHB Scott Lister
|
0-0: Ball 1-0: Ball 2-0: Foul Ball, location: 2F 2-1: Foul Ball, location: 2F 2-2: SINGLE (Line Drive, 8LS, EV 90.0 MPH)
|
|
Batting: RHB Chris Temple
|
0-0: Ball Scott Lister steals 2nd base (no throw) 1-0: Ball 2-0: Called Strike 2-1: SINGLE (Groundball, 34D, EV 98.8 MPH) Scott Lister to third Runner from 3rd tries for Home, SAFE, throw by RF to home
|
|
Batting: LHB Felipe Gomez
|
0-0: Ball 1-0: Foul Ball, location: 2F 1-1: Called Strike 1-2: Ball 2-2: Foul Ball, location: 2F 2-2: Ball 3-2: SINGLE (Flyball, 78S, EV 95.6 MPH) Chris Temple to second
|
|
Batting: LHB Ed Talamantes
|
0-0: Grounds into double play, 4-6-3 (Groundball, 34, EV 101.9 MPH)
|
| Bottom of the 1st over - 1 run, 3 hits, 0 errors, 1 left on base; Madison 2 - Oakland 1 |
| TOP OF THE 2ND |
|
Madison Brewers batting - Pitching for Oakland Oaks : RHP Paul Olson
|
|
Batting: RHB Manny Olave
|
0-0: Ball 1-0: Ball 2-0: Called Strike 2-1: Ball 3-1: Called Strike 3-2: Strikes out swinging
|
|
Batting: RHB Justin Marino
|
0-0: Foul Ball, location: 2F 0-1: Swinging Strike 0-2: Strikes out swinging
|
|
Batting: RHB Xiao-shuang Au
|
0-0: Ball 1-0: Swinging Strike 1-1: Called Strike 1-2: Ball 2-2: Ball 3-2: Foul Ball, location: 2F 3-2: Base on Balls
|
|
Batting: RHB Lorenzo Diaz
|
0-0: Ball 1-0: Foul Ball, location: 2F 1-1: Fly out, F9 (Flyball, 89M, EV 95.6 MPH)
|
| Top of the 2nd over - 0 runs, 0 hits, 0 errors, 1 left on base; Madison 2 - Oakland 1 |
| BOTTOM OF THE 2ND |
|
Oakland Oaks batting - Pitching for Madison Brewers : RHP Pedro Campos
|
|
Batting: RHB Travis Robinson
|
0-0: Hit by Pitch
|
|
Batting: RHB Ricardo Claros
|
0-0: Ball 1-0: Ball 2-0: Ball 3-0: Base on Balls Travis Robinson to second
|
|
Batting: RHB Tim Anderson
|
0-0: Ball 1-0: Ball 2-0: Ball 3-0: Called Strike 3-1: SINGLE (Groundball, 6MD, EV 104.4 MPH) Travis Robinson to third Ricardo Claros to second
|
|
Batting: RHB Don Burt
|
0-0: GRAND SLAM HOME RUN (Flyball, 78XD, EV 111.9 MPH), Distance : 435 ft
|
|
Batting: RHB Chris Bohm
|
0-0: Foul Ball, location: 2F 0-1: Swinging Strike 0-2: Strikes out swinging
|
|
Batting: RHB Scott Lister
|
0-0: Ball 1-0: Ball 2-0: Ball 3-0: Called Strike 3-1: Base on Balls
|
|
Batting: RHB Chris Temple
|
0-0: Ball Scott Lister steals 2nd, throwing error, E2 Scott Lister to third 1-0: Ball 2-0: Foul Ball, location: 2F 2-1: Foul Ball, location: 2F 2-2: DOUBLE (Line Drive, 9LS, EV 100.6 MPH) Scott Lister scores
|
|
Batting: LHB Felipe Gomez
|
0-0: Ball 1-0: Ball 2-0: Ball Wild Pitch! Chris Temple to third 3-0: Called Strike 3-1: Base on Balls
|
|
Batting: LHB Ed Talamantes
|
0-0: 3-RUN HOME RUN (Flyball, 9LD, EV 91.2 MPH), Distance : 350 ft
|
|
Pitching: RHP Troy Morin
|
|
|
Batting: RHB Travis Robinson
|
0-0: Called Strike 0-1: Ball 1-1: Ground out 6-3 (Groundball, 6, EV 95.0 MPH)
|
|
Batting: RHB Ricardo Claros
|
0-0: Called Strike 0-1: Foul Ball, location: 2F 0-2: Fly out, F7 (Line Drive, 78S, EV 92.5 MPH)
|
| Bottom of the 2nd over - 8 runs, 4 hits, 1 error, 0 left on base; Madison 2 - Oakland 9 |
| TOP OF THE 3RD |
|
Madison Brewers batting - Pitching for Oakland Oaks : RHP Paul Olson
|
|
Batting: RHB Malcolm McCauley
|
0-0: Called Strike 0-1: Called Strike 0-2: Ball 1-2: Strikes out swinging, 2-3 out at first.
|
|
Batting: LHB Jesus Huante
|
0-0: Ball 1-0: Ball 2-0: Called Strike 2-1: Swinging Strike 2-2: Strikes out swinging
|
|
Batting: RHB Mario Lopez
|
0-0: Called Strike 0-1: SINGLE (Groundball, 34D, EV 94.4 MPH)
|
|
Batting: SHB Justin Hensley
|
0-0: Called Strike 0-1: Ball 1-1: Swinging Strike 1-2: Strikes out looking
|
| Top of the 3rd over - 0 runs, 1 hit, 0 errors, 1 left on base; Madison 2 - Oakland 9 |
| BOTTOM OF THE 3RD |
|
Oakland Oaks batting - Pitching for Madison Brewers : RHP Troy Morin
|
|
Batting: RHB Tim Anderson
|
0-0: Ground out 5-3 (Groundball, 5, EV 108.1 MPH)
|
|
Batting: RHB Don Burt
|
0-0: Ball 1-0: Ground out 4-3 (Groundball, 4, EV 88.8 MPH)
|
|
Batting: RHB Chris Bohm
|
0-0: Ball 1-0: Foul Ball, location: 2F 1-1: Ball 2-1: Fly out, F8 (Flyball, 8RD, EV 85.6 MPH)
|
| Bottom of the 3rd over - 0 runs, 0 hits, 0 errors, 0 left on base; Madison 2 - Oakland 9 |
| TOP OF THE 4TH |
|
Madison Brewers batting - Pitching for Oakland Oaks : RHP Paul Olson
|
|
Batting: LHB Dusty Bryant
|
0-0: Ball 1-0: Ball 2-0: Called Strike 2-1: Foul Ball, location: 2F 2-2: Foul Ball, location: 2F 2-2: Foul Ball, location: 2F 2-2: Ball 3-2: Fly out, F4 (Line Drive, 4, EV 72.5 MPH)
|
|
Batting: RHB Manny Olave
|
0-0: Ground out 6-3 (Groundball, 6D, EV 106.2 MPH)
|
|
Batting: RHB Justin Marino
|
0-0: Ball 1-0: Called Strike 1-1: Ball 2-1: Foul Ball, location: 2F 2-2: Ball 3-2: Foul Ball, location: 2F 3-2: Foul Ball, location: 2F 3-2: SINGLE (Flyball, 6D, EV 88.8 MPH)
|
|
Batting: RHB Xiao-shuang Au
|
0-0: Swinging Strike 0-1: Swinging Strike 0-2: Ball 1-2: Ball 2-2: Foul Ball, location: 2F 2-2: 2-RUN HOME RUN (Flyball, 7D, EV 105.0 MPH), Distance : 388 ft
|
|
Batting: RHB Lorenzo Diaz
|
0-0: Called Strike 0-1: Foul Ball, location: 2F 0-2: Ball 1-2: Foul Ball, location: 2F 1-2: SINGLE (Line Drive, 8RM, EV 98.1 MPH)
|
|
Pitching: RHP Manny Tienda
|
|
|
Batting: RHB Malcolm McCauley
|
0-0: Foul Ball, location: 2F 0-1: Ball 1-1: Foul Ball, location: 2F 1-2: Ball 2-2: Strikes out swinging
|
| Top of the 4th over - 2 runs, 3 hits, 0 errors, 1 left on base; Madison 4 - Oakland 9 |
| BOTTOM OF THE 4TH |
|
Oakland Oaks batting - Pitching for Madison Brewers : RHP Troy Morin
|
|
Batting: RHB Scott Lister
|
0-0: Ball 1-0: Called Strike 1-1: SOLO HOME RUN (Line Drive, 78XD, EV 115.0 MPH), Distance : 452 ft
|
|
Batting: RHB Chris Temple
|
0-0: Foul Ball, location: 2F 0-1: Called Strike 0-2: Ball 1-2: SINGLE (Line Drive, 89M, EV 98.1 MPH)
|
|
Batting: LHB Felipe Gomez
|
0-0: Ball 1-0: Fly out, F9 (Flyball, 9D, EV 86.2 MPH)
|
|
Batting: LHB Ed Talamantes
|
0-0: Called Strike 0-1: Ball 1-1: Ball 2-1: Ball 3-1: Base on Balls Chris Temple to second
|
|
Batting: RHB Travis Robinson
|
0-0: Ball 1-0: Ball 2-0: Called Strike 2-1: Ball 3-1: Base on Balls Chris Temple to third Ed Talamantes to second
|
|
Batting: RHB Ricardo Claros
|
0-0: Called Strike 0-1: DOUBLE (Flyball, 8LXD, EV 108.8 MPH) Chris Temple scores Ed Talamantes scores Travis Robinson to third
|
|
Batting: RHB Tim Anderson
|
0-0: Foul Ball, location: 2F 0-1: Ball Wild Pitch! Travis Robinson scores Ricardo Claros to third 1-1: Ground out 5-3 (Groundball, 56S, EV 74.4 MPH) Ricardo Claros scores
|
|
Batting: RHB Don Burt
|
0-0: Ball 1-0: Ball 2-0: Ball 3-0: Called Strike 3-1: Base on Balls
|
|
Pitching: RHP Austin Sweetman
|
|
|
Batting: RHB Chris Bohm
|
0-0: Foul Ball, location: 2F 0-1: Fly out, F8 (Line Drive, 8RM, EV 86.2 MPH)
|
| Bottom of the 4th over - 5 runs, 3 hits, 0 errors, 1 left on base; Madison 4 - Oakland 14 |
| TOP OF THE 5TH |
|
Madison Brewers batting - Pitching for Oakland Oaks : RHP Manny Tienda
|
|
Batting: LHB Jesus Huante
|
0-0: Ball 1-0: Called Strike 1-1: Ball 2-1: Swinging Strike 2-2: Fly out, F8 (Flyball, 8RXD, EV 99.4 MPH)
|
|
Batting: RHB Mario Lopez
|
0-0: Ball 1-0: Ball 2-0: Ball 3-0: Called Strike 3-1: Base on Balls
|
|
Batting: SHB Justin Hensley
|
0-0: Called Strike 0-1: Ball 1-1: Called Strike 1-2: 2-RUN HOME RUN (Flyball, 9D, EV 103.8 MPH), Distance : 405 ft
|
|
Batting: LHB Dusty Bryant
|
0-0: Called Strike 0-1: Called Strike 0-2: Ball 1-2: Ball 2-2: Strikes out looking
|
|
Batting: RHB Manny Olave
|
0-0: Called Strike 0-1: Ball 1-1: Called Strike 1-2: Ball 2-2: DOUBLE (Line Drive, 89D, EV 108.1 MPH)
|
|
Batting: RHB Justin Marino
|
0-0: Called Strike 0-1: Swinging Strike 0-2: Foul Ball, location: 2F 0-2: Strikes out swinging
|
| Top of the 5th over - 2 runs, 2 hits, 0 errors, 1 left on base; Madison 6 - Oakland 14 |
| BOTTOM OF THE 5TH |
|
Oakland Oaks batting - Pitching for Madison Brewers : RHP Austin Sweetman
|
|
Batting: RHB Scott Lister
|
0-0: Ball 1-0: Ball 2-0: SINGLE (Flyball, 7LS, EV 96.9 MPH)
|
|
Batting: RHB Chris Temple
|
0-0: Called Strike Scott Lister is caught stealing 2nd base 2-4 0-1: Ball 1-1: SINGLE (Line Drive, 6D, EV 101.9 MPH)
|
|
Batting: LHB Felipe Gomez
|
0-0: Ball Wild Pitch! Chris Temple to second 1-0: Called Strike 1-1: Foul Ball, location: 2F 1-2: Foul Ball, location: 2F 1-2: Ground out 1-3 (Groundball, 15S, EV 67.5 MPH)
|
|
Batting: LHB Ed Talamantes
|
0-0: Fly out, F7 (Line Drive, 7LM, EV 100.6 MPH)
|
| Bottom of the 5th over - 0 runs, 2 hits, 0 errors, 1 left on base; Madison 6 - Oakland 14 |
| TOP OF THE 6TH |
|
Madison Brewers batting - Pitching for Oakland Oaks : RHP Manny Tienda
|
|
Pinch Hitting: LHB Steven Donovan
|
0-0: Swinging Strike 0-1: Foul Ball, location: 2F 0-2: Ball 1-2: Ball 2-2: Ball 3-2: Base on Balls
|
|
Pinch Hitting: LHB Danny Bautista
|
0-0: Ball 1-0: Ball 2-0: Ball 3-0: Base on Balls Steven Donovan to second
|
|
Pinch Hitting: LHB Alex Chairez
|
0-0: Ball 1-0: Fly out, F7 (Flyball, 7S, EV 81.2 MPH)
|
|
Batting: LHB Jesus Huante
|
0-0: Called Strike Steven Donovan is caught stealing 3rd base 2-5 Danny Bautista to second 0-1: Ball 1-1: Called Strike 1-2: Strikes out swinging
|
| Top of the 6th over - 0 runs, 0 hits, 0 errors, 1 left on base; Madison 6 - Oakland 14 |
| BOTTOM OF THE 6TH |
|
Oakland Oaks batting - Pitching for Madison Brewers : RHP Austin Sweetman
|
|
Now at 2B: Austin Doig
|
|
|
Now at 3B: Tony Beaumond
|
|
|
Now in CF: Mohammed bin Ubaida
|
|
|
Batting: RHB Travis Robinson
|
0-0: Swinging Strike 0-1: Foul Ball, location: 2F 0-2: Ball 1-2: Ball 2-2: Ball 3-2: SOLO HOME RUN (Flyball, 7LD, EV 90.6 MPH), Distance : 338 ft
|
|
Batting: RHB Ricardo Claros
|
0-0: Called Strike 0-1: Called Strike 0-2: Ball 1-2: Foul Ball, location: 2F 1-2: Strikes out looking
|
|
Batting: RHB Tim Anderson
|
0-0: Fly out, F9 (Line Drive, 9, EV 90.0 MPH)
|
|
Batting: RHB Don Burt
|
0-0: Ball 1-0: Fly out, F9 (Flyball, 9D, EV 93.8 MPH)
|
| Bottom of the 6th over - 1 run, 1 hit, 0 errors, 0 left on base; Madison 6 - Oakland 15 |
| TOP OF THE 7TH |
|
Madison Brewers batting - Pitching for Oakland Oaks : RHP Manny Tienda
|
|
Batting: RHB Mario Lopez
|
0-0: Ball 1-0: Foul Ball, location: 2F 1-1: Foul Ball, location: 2F 1-2: Foul Ball, location: 2F 1-2: Strikes out swinging
|
|
Batting: SHB Justin Hensley
|
0-0: Ball 1-0: Ball 2-0: Swinging Strike 2-1: Called Strike 2-2: Foul Ball, location: 2F 2-2: SINGLE (Line Drive, 9S, EV 104.4 MPH)
|
|
Pitching: RHP Juan Luna
|
|
|
Batting: LHB Dusty Bryant
|
0-0: Ball 1-0: Fly out, F5 (Popup, 56, EV 56.2 MPH)
|
|
Batting: RHB Manny Olave
|
0-0: Called Strike 0-1: Called Strike Justin Hensley steals 2nd base (no throw) 0-2: Strikes out swinging
|
| Top of the 7th over - 0 runs, 1 hit, 0 errors, 1 left on base; Madison 6 - Oakland 15 |
| BOTTOM OF THE 7TH |
|
Oakland Oaks batting - Pitching for Madison Brewers : RHP Austin Sweetman
|
|
Batting: RHB Chris Bohm
|
0-0: Ball 1-0: Foul Ball, location: 2F 1-1: Ball 2-1: Foul Ball, location: 2F 2-2: SINGLE (Line Drive, 6D, EV 98.1 MPH)
|
|
Batting: RHB Scott Lister
|
0-0: Ball 1-0: Called Strike Chris Bohm steals 2nd base 1-1: Ball 2-1: Swinging Strike 2-2: Ball 3-2: Ground out 5-3 (Groundball, 56S, EV 77.5 MPH)
|
|
Batting: RHB Chris Temple
|
0-0: Ground out 5-3 (Groundball, 5L, EV 89.4 MPH)
|
|
Pinch Hitting: LHB Marcus Pollard
|
0-0: Ball 1-0: Called Strike 1-1: Ball 2-1: SINGLE (Line Drive, 5D, EV 100.0 MPH) Chris Bohm to third Runner from 3rd tries for Home, SAFE, throw by LF to home
|
|
Pinch Hitting: RHB Emiel Schlepers
|
0-0: Ball 1-0: Called Strike 1-1: Called Strike 1-2: Fly out, F3 (Popup, 3SF, EV 73.8 MPH)
|
| Bottom of the 7th over - 1 run, 2 hits, 0 errors, 1 left on base; Madison 6 - Oakland 16 |
| TOP OF THE 8TH |
|
Madison Brewers batting - Pitching for Oakland Oaks : RHP Juan Luna
|
|
Now at 1B: Jon Coakley
|
|
|
Now in LF: Marcus Pollard
|
|
|
Batting: RHB Justin Marino
|
0-0: Foul Ball, location: 2F 0-1: Ball 1-1: Swinging Strike 1-2: Strikes out swinging
|
|
Batting: RHB Tony Beaumond
|
0-0: Ball 1-0: Ground out 6-3 (Groundball, 6, EV 104.4 MPH)
|
|
Batting: RHB Mohammed bin Ubaida
|
0-0: Called Strike 0-1: Ball 1-1: Ball 2-1: DOUBLE (Flyball, 78D, EV 103.1 MPH)
|
|
Pinch Hitting: LHB John Fortin
|
0-0: Ball 1-0: Ball 2-0: Ball 3-0: Base on Balls
|
|
Batting: LHB Jesus Huante
|
0-0: Called Strike 0-1: Foul Ball, location: 2F 0-2: Strikes out looking
|
| Top of the 8th over - 0 runs, 1 hit, 0 errors, 2 left on base; Madison 6 - Oakland 16 |
| BOTTOM OF THE 8TH |
|
Oakland Oaks batting - Pitching for Madison Brewers : RHP Austin Sweetman
|
|
Now at 2B: Yang-cheng Kui
|
|
|
Pinch Hitting: RHB Alberto Malagon
|
0-0: Called Strike 0-1: Ball 1-1: Ball 2-1: Swinging Strike 2-2: DOUBLE (Line Drive, 9LS, EV 95.6 MPH)
|
|
Pitching: RHP Steve Errico
|
|
|
Batting: RHB Ricardo Claros
|
0-0: Foul Ball, location: 2F 0-1: Ball 1-1: Called Strike 1-2: Foul Ball, location: 2F 1-2: Ground out 4-3 (Groundball, 4, EV 84.4 MPH) Alberto Malagon to third
|
|
Batting: RHB Tim Anderson
|
0-0: Ground out 6-3 (Groundball, 56D, EV 108.8 MPH) Alberto Malagon scores
|
|
Batting: RHB Don Burt
|
0-0: Called Strike 0-1: Ball 1-1: Foul Ball, location: 2F 1-2: Ball 2-2: Strikes out swinging
|
| Bottom of the 8th over - 1 run, 1 hit, 0 errors, 0 left on base; Madison 6 - Oakland 17 |
| TOP OF THE 9TH |
|
Madison Brewers batting - Pitching for Oakland Oaks : RHP Juan Luna
|
|
Now at 3B: Alberto Malagon
|
|
|
Batting: RHB Mario Lopez
|
0-0: Ball 1-0: Ball 2-0: Called Strike 2-1: Ball 3-1: Fly out, F9 (Line Drive, 9, EV 93.8 MPH)
|
|
Batting: SHB Justin Hensley
|
0-0: Ball 1-0: Ground out U3 (Groundball, 3, EV 85.0 MPH)
|
|
Batting: LHB Dusty Bryant
|
0-0: Foul Ball, location: 2F 0-1: Ball 1-1: Foul Ball, location: 2F 1-2: Ball 2-2: Foul Ball, location: 2F 2-2: Foul Ball, location: 2F 2-2: Ball 3-2: Ground out U3 (Groundball, 3, EV 85.0 MPH)
|
| Top of the 9th over - 0 runs, 0 hits, 0 errors, 0 left on base; Madison 6 - Oakland 17 |
|